 Dungeon Crawl Stone Soup version 0.30-a0-743-gbfdf073431 (webtiles) character file.

Game seed: 8520723621355814037

597 tamnael the Sneak (level 7, 0/35 HPs)
             Began as a Vine Stalker Enchanter on Feb 7, 2023.
             Was a Believer of the Shining One.
             Slain by Beaer's ghost (7 damage)
             ... on level 4 of the Dungeon on Feb 8, 2023.
             The game lasted 00:31:24 (3937 turns).

tamnael the Sneak (Vine Stalker Enchanter)          Turns: 3937, Time: 00:31:24

Health: 0/35       AC: 17    Str: 13    XL:     7   Next: 40%
Magic:  0/11       EV:  0    Int: 21    God:    the Shining One [**....]
Gold:   251        SH:  4    Dex: 14    Spells: 10/10 levels left

rFire   . . .      SeeInvis .    i - +0 halberd
rCold   . . .      Faith    .    (shield currently unavailable)
rNeg    + . .      Spirit   +    s - +1 crystal plate armour
rPois   .          Reflect  .    (no helmet)
rElec   .          Harm     .    (no cloak)
rCorr   .          Rampage  .    (no gloves)
Will    .....                    k - +0 pair of boots Stlth
                                 (no amulet)
HPRegen 1.05/turn                f - +6 ring of intelligence
MPRegen 0.12/turn                (no ring)

@: about to teleport, glowing
A: fangs 2, regeneration 1, magic shield, antimagic bite, no potion heal 2,
large bone plates 1, sense surroundings 1
a: Renounce Religion, Divine Shield


You were on level 4 of the Dungeon.
You worshipped the Shining One.
The Shining One was pleased with you.
You visited 1 branch of the dungeon, and saw 4 of its levels.

You collected 251 gold pieces.

Inventory:

Hand Weapons
 a - a +1 short sword of speed
 i - a +0 halberd (weapon)
 l - a +0 spear
 p - a +1 rapier {fire}
Missiles
 n - 20 stones
Armour
 k - a +0 pair of boots (worn)
 s - a +1 crystal plate armour (worn)
Jewellery
 f - a +6 ring of intelligence (left hand)
Wands
 b - a wand of flame (29)
Scrolls
 e - a scroll of enchant armour
 h - a scroll of noise
 j - a scroll of fog {unknown}
Potions
 c - 2 potions of invisibility
 d - 3 potions of curing (quivered)


   Skills:
 + Level 2.1 Fighting
 + Level 3.3 Short Blades
 + Level 3.0 Polearms
 + Level 2.6 Armour
 + Level 2.1 Dodging
 + Level 4.5 Stealth
 + Level 1.0 Shields
 + Level 2.4 Spellcasting
 + Level 3.3 Hexes
 + Level 0.1 Invocations


You had 10 spell levels left.
You didn't know any spells.
Your spell library contained the following spells:

 Spells                   Type           Power      Damage    Failure   Level
 Slow                     Hex            64%        N/A       100%        1
 Sting                    Tmut/Pois      8%         1d3       100%        1
 Ensorcelled Hibernation  Hex/Ice        18%        N/A       100%        2
 Poisonous Vapours        Pois/Air       4%         N/A       100%        2
 Confusing Touch          Hex            16%        N/A       100%        3
 Dazzling Flash           Conj/Hex       18%        N/A       100%        3
 Inner Flame              Hex/Fire       9%         N/A       100%        3
 Tukima's Dance           Hex            16%        N/A       100%        3
 Vampiric Draining        Necr           2%         2d6       100%        3
 Flame Wave               Conj/Fire      2%         2d4       100%        4
 Olgreb's Toxic Radiance  Pois           2%         N/A       100%        4
 Sticky Flame             Conj/Fire      2%         2d3       100%        4


Dungeon Overview and Level Annotations

Branches:
Dungeon (4/15)             Temple (0/1) D:4

Altars:
Okawaru
The Shining One

Shops:
D:2 =

Annotations:
D:4 1 transporter, Beaer's ghost, amateur FoHu


Innate Abilities, Weirdness & Mutations

You have extremely sharp teeth.
Your natural rate of healing is unusually fast.
When hurt, damage is shared between your health and your magic reserves.
Your bite disrupts and absorbs the magic of your enemies.
Potions cannot restore your health.
You are partially covered in large bone plates. (SH +4)
You passively map a small area around you.


Message History

You hit Beaer's ghost but do no damage.
Beaer's ghost is lightly damaged.
The hound bites you but does no damage. Beaer's ghost hits you.
The hobgoblin hits you but does no damage.
The hound bites you but does no damage.
You barely miss the hobgoblin. The hound bites you but does no damage.
Beaer's ghost hits you but does no damage.
You block the hobgoblin's attack. The hound bites you but does no damage.
Reach: i) +0 halberd
Press: ? - help, Dir - move target, f - hound
Aim: a hound (moderately wounded, haloed, about 39% to evade your +0 halberd)
You hit the hound. You bite the hound, but do no damage.
The hound is severely wounded.
The hound bites you but does no damage.
Beaer's ghost hits you but does no damage.
The hobgoblin hits you. You block the hound's attack.
Beaer's ghost hits you but does no damage.
The hobgoblin hits you.
* * * LOW HITPOINT WARNING * * *
You don't have enough magic at the moment.
The hound attacks as you move away! The hound completely misses you.
The hobgoblin hits you but does no damage.
The hound bites you but does no damage.
As you read the scroll of teleportation, it crumbles to dust.
You feel strangely unstable. The hound bites you but does no damage.
Beaer's ghost hits you but does no damage.
The hobgoblin hits you but does no damage.
Okay, then.
Okay, then.
Reach: i) +0 halberd
Press: ? - help, Dir - move target, f/p - hound
Aim: a hound (severely wounded, haloed, about 39% to evade your +0 halberd)
You barely miss the hound.
The hound is severely wounded.
The hound bites you.
* * * LOW HITPOINT WARNING * * *
The hound bites you but does no damage.
The hobgoblin hits you but does no damage.
Beaer's ghost hits you!
You die...

...#.............................
...#.............................
...#........#########............
...#.......##.......##...[.......
####.......#8.......8#...........
...#.......#.........#...........
....>......#........?#...........
...#).....©#...g©...$#©.....†....
...#.......#...h@.:.$#...........
...#.......#...W.....#...........
†..#.......#8.......8#...........
...#.......##©......##...........
...#........#########............
...#.............................
.###.............................
.# #.............................
.###.............................


You could see a hound, Beaer's ghost and a hobgoblin.

Vanquished Creatures
  A necrophage (D:4)
  A scorpion (D:4)
  2 orc priests (D:4)
  A gnoll bouda (D:4)
  Jessica (D:2)
  An orc wizard (D:4)
  3 iguanas (D:4)
  9 adders
  8 gnolls
  3 worms
  2 dart slugs
  8 orcs (D:4)
  5 ball pythons
  7 bats
  3 endoplasms
  4 giant cockroaches
  5 goblins
  5 hobgoblins
  10 jackals
  4 quokkas
  3 frilled lizards
  3 kobolds
  6 rats
95 creatures vanquished.

Vanquished Creatures (others)
  5 fungi (D:1)
5 creatures vanquished.

Grand Total: 100 creatures vanquished

Notes
Turn   | Place    | Note
-------+----------+-------------------------------------------
     0 | D:1      | tamnael the Vine Stalker Enchanter began the quest for the
                  | Orb.
     0 | D:1      | Reached XP level 1. HP: 9/9 MP: 4/4
   280 | D:1      | Reached skill level 4 in Stealth
   280 | D:1      | Reached XP level 2. HP: 13/13 MP: 6/6
   426 | D:1      | Reached skill level 1 in Short Blades
  1274 | D:2      | Reached XP level 3. HP: 8/17 MP: 2/7
  1291 | D:2      | Noticed Jessica
  1295 | D:2      | Killed Jessica
  1425 | D:2      | Found a faded altar of an unknown god.
  1436 | D:2      | Gained mutation: Your natural rate of healing is unusually
                  | fast. [Vine Stalker growth]
  1436 | D:2      | Reached XP level 4. HP: 21/21 MP: 8/8
  1477 | D:2      | Reached skill level 1 in Armour
  1486 | D:2      | Gained mutation: You passively map a small area around you.
                  | [potion of mutation]
  1486 | D:2      | Gained mutation: You are partially covered in large bone
                  | plates. (SH +4) [potion of mutation]
  1688 | D:2      | Reached skill level 1 in Fighting
  1816 | D:2      | Reached XP level 5. HP: 25/25 MP: 9/9
  2024 | D:2      | Prayed at the altar of an unknown god.
  2024 | D:2      | Became a worshipper of the Shining One
  2024 | D:2      | Reached * piety under the Shining One
  2173 | D:2      | Found Allegos's Jewellery Shoppe.
  2424 | D:3      | Found an iron altar of Okawaru.
  3037 | D:4      | Reached XP level 6. HP: 30/30 MP: 8/10
  3117 | D:4      | Reached skill level 1 in Polearms
  3209 | D:4      | Reached XP level 7. HP: 35/35 MP: 7/11
  3380 | D:4      | Reached ** piety under the Shining One
  3455 | D:4      | Reached skill level 1 in Shields
  3855 | D:4      | Found a staircase to the Ecumenical Temple.
  3908 | D:4      | Found a transporter.
  3910 | D:4      | Noticed Beaer's ghost (amateur FoHu)
  3915 | D:4      | Found a transporter.
  3937 | D:4      | Slain by Beaer's ghost

Illustrated notes

Levels and vault maps discovered:
D:1:      dpeg_arrival_prison, layout_basic, minivault_4
D:2:      layout_loops_corners, chequers_ecumenical_altar_simple_redux,
          serial_shops, nicolae_lakefront_shop, item_on_display_b, uniq_jessica
D:3:      layout_loops_ring, lemuel_crystal_altar
D:4:      layout_basic, minmay_temple_entry_offerings, gammafunk_ghost_arena,
          kennysheep_potato

Skill      XL: |  1  2  3  4  5  6  7 |
---------------+----------------------+-----
Stealth        | 4 |  4.5
Short Blades   | 1 3 |  3.3
Dodging        | 2 |  2.1
Armour         | 1 2 |  2.6
Fighting       | 1 2 |  2.1
Polearms       | 2 3 |  3.0
Shields        | 1 |  1.0
Spellcasting   | |  2.4
Hexes          | |  3.3
Invocations    | |  0.1

Action                     |  1- 3 |  4- 6 |  7- 9 || total
---------------------------+-------+-------+-------++-------
  Melee: Dagger            |    61 |       |       ||    61
         Bite              |    26 |    50 |    10 ||    86
         Rapier            |    38 |   113 |       ||   151
         Halberd           |       |    50 |    49 ||    99
  Throw: Stone             |       |       |     1 ||     1
 Invoke: Divine Shield     |       |     1 |       ||     1
  Evoke: Wand              |       |     1 |       ||     1
    Use: Scroll            |     4 |     4 |     2 ||    10
         Potion            |       |     2 |       ||     2
   Stab: Sleeping          |     3 |       |       ||     3
 Armour: Robe              |    13 |       |       ||    13
         Leather armour    |    48 |       |       ||    48
         Crystal plate arm |       |   184 |    78 ||   262
  Dodge: Dodged            |   103 |     9 |     5 ||   117
  Block: Other             |       |    47 |    17 ||    64

Table legend: (Time is in decaauts)
 A = Elapsed time spent in this place.
 B = Non-inter-level travel time spent in this place.
 C = Inter-level travel time spent in this place.
 D = Time resting spent in this place.
 E = Time spent auto-exploring this place.
 F = Levels seen in this place.
 G = Mean time per level.
                   A        B        C        D        E       F      G
               +--------+--------+--------+--------+--------+-----+--------+
         Total |   3991 |   3934 |     57 |      0 |      0 |   4 |  997.8 |
       Dungeon |   3991 |   3934 |     57 |      0 |      0 |   4 |  997.8 |
               +--------+--------+--------+--------+--------+-----+--------+

Top non-repeatable levels by time:
     D:1: 1248 daAuts
     D:2: 1093 daAuts
     D:4: 950 daAuts
     D:3: 698 daAuts
